 Dungeon Crawl Stone Soup version 0.30-a0-1163-gf69bf04e7a (webtiles) character file.

Game seed: 17077439023901266891

438 cheesebisquit the Trooper (level 6, -5/60 HPs)
             Began as a Draconian Fire Elementalist on Apr 28, 2023.
             Slain by Duvessa
             ... wielding a +0 short sword
              (6 damage)
             ... on level 4 of the Dungeon.
             The game lasted 00:10:20 (3672 turns).

cheesebisquit the Trooper (DrFE)                    Turns: 3672, Time: 00:10:21

Health: -5/60      AC:  7    Str: 10    XL:     6   Next: 69%
Magic:  9/9        EV: 12    Int: 18    God:
Gold:   155        SH:  0    Dex: 11    Spells: 8/9 levels left

rFire   + . .        i - +0 whip (elec)
rCold   + . .        (no shield)
rNeg    . . .        (body armour unavailable)
rPois   +            (helmet restricted)
rElec   +            h - +0 cloak
rCorr   +            (no gloves)
SInv    .            (no boots)
Will    .....        (no amulet)
Stlth   ++           (no ring)
HPRegen 0.30/turn    (no ring)
MPRegen 0.11/turn

%: no passive effects
@: about to teleport, resistant
A: AC +6, unfitting armour, cold-blooded
a: no special abilities


You were on level 4 of the Dungeon.
You visited 1 branch of the dungeon, and saw 4 of its levels.

You collected 183 gold pieces.
You spent 28 gold pieces at shops.

Inventory:

Hand Weapons
 i - a +0 whip of electrocution (weapon)
Missiles
 f - 4 poisoned darts
Armour
 h - a +0 cloak (worn)
Scrolls
 a - a scroll of silence {unknown}
 b - a scroll of enchant weapon {unknown}
 c - a scroll of fog {unknown}
 d - a scroll of teleportation
 g - a scroll of poison {unknown}
 l - 2 scrolls of magic mapping {unknown}
 m - a scroll of enchant armour {unknown}
Potions
 j - a potion of degeneration {unknown}
 k - a potion of resistance
 n - a potion of mutation {unknown}
 o - a potion of heal wounds {unknown}
 p - a potion of attraction {unknown}
 q - a potion of flight {unknown}


   Skills:
 + Level 7.6 Fighting
 - Level 1.7 Dodging
 - Level 1.7 Stealth
 - Level 2.0 Spellcasting
 - Level 1.0 Conjurations
 - Level 3.0 Fire Magic


You had 8 spell levels left.
You knew the following spells:

 Your Spells              Type           Power      Damage    Failure   Level
a - Foxfire               Conj/Fire      36%        2x1d5     8%          1

Your spell library contained the following spells:

 Spells                   Type           Power      Damage    Failure   Level
 Scorch                   Fire           24%        2d6       8%          2
 Momentum Strike          Conj/Tloc      6%         3d8       22%         2
 Blink                    Tloc           2%         N/A       26%         2
 Lesser Beckoning         Tloc           2%         N/A       26%         2
 Inner Flame              Hex/Fire       7%         N/A       28%         3
 Volatile Blastmotes      Fire/Tloc      14%        2d11      28%         3
 Frozen Ramparts          Ice            2%         1d1       47%         3
 Flame Wave               Conj/Fire      9%         2d6       61%         4
 Ice Form                 Ice/Tmut       1%         N/A       87%         4
 Summon Ice Beast         Ice/Summ       1%         N/A       87%         4


Dungeon Overview and Level Annotations

Branches:
Dungeon (4/15)
 Temple: D:4-7

Altars:
Elyvilon

Shops:
D:2 (?*

Annotations:
D:4 Duvessa


Innate Abilities, Weirdness & Mutations

Your plain brown scales are hard. (AC +6)
You cannot fit into any form of body armour.
You are cold-blooded and may be slowed by cold attacks.


Message History

Nothing appears to happen.
You miss Dowan. You tail-slap Dowan.
Dowan is heavily wounded.
Dowan closely misses you.
You barely miss Dowan.
Dowan is heavily wounded.
Dowan hits you with a +0 dagger.
You hit Dowan. Lightning courses through Dowan!!
You kill Dowan!
You hear a distant scream of rage.
Your magical contamination has completely faded away.
Things that are here:
a +0 dagger; a +0 robe; the elf corpse of Dowan Duvessa shouts!
Duvessa goes berserk!
You miscast Foxfire.
You are very lightly contaminated with residual magic.
Nothing appears to happen.
Duvessa attacks as you move away! Duvessa hits you with a +0 short sword!
You feel protected.
Duvessa hits you with a +0 short sword! x2
You feel better. Duvessa closely misses you.
You feel better. Duvessa barely misses you. x2
Your magical contamination has completely faded away.
You feel better. Duvessa hits you with a +0 short sword!
Okay, then.
Duvessa hits you but does no damage. Duvessa barely misses you.
Duvessa hits you with a +0 short sword!
Things that are here:
a +0 dagger; a +0 robe; the elf corpse of Dowan Duvessa hits you with a +0 short sword!
* * * LOW HITPOINT WARNING * * *
As you read the scroll labelled VALATRAMPE, it crumbles to dust.
You feel strangely unstable.
It was a scroll of teleportation.
Duvessa hits you with a +0 short sword!
* * * LOW HITPOINT WARNING * * *
Okay, then.
Duvessa attacks as you move away! Duvessa hits you with a +0 short sword.
You die...

..... ...#.### #.....#
#.....# .#.....#
.#.....#
.+.....###############
.#.............e@....#
.....#.#############.#
.....#.# #.# ...#.#.#
#.# ...+.#.# #.#
...###.### #.#
e†.......# #.#
...###.#.###########.#
.....#.#.#...........#


You could see Duvessa (berserk).

Vanquished Creatures
  Sigmund (D:2)
  Dowan (D:4)
  Terence (D:2)
  Natasha (twice) (D:2)
  An iguana (D:3)
  6 adders
  3 orcs (D:3)
  7 ball pythons
  3 bats
  7 endoplasms
  4 giant cockroaches
  8 goblins
  10 hobgoblins
  3 jackals (D:1)
  3 quokkas
  A frilled lizard (D:1)
  6 kobolds
  8 rats
75 creatures vanquished.

Vanquished Creatures (others)
  232 foxfires
  5 plants (D:2)
237 creatures vanquished.

Grand Total: 312 creatures vanquished

Notes
Turn   | Place    | Note
-------+----------+-------------------------------------------
     0 | D:1      | cheesebisquit the Draconian Fire Elementalist began the
                  | quest for the Orb.
     0 | D:1      | Reached XP level 1. HP: 14/14 MP: 3/3
   187 | D:1      | Reached skill level 1 in Fighting
   238 | D:1      | Reached XP level 2. HP: 24/24 MP: 1/5
   253 | D:1      | Reached skill level 2 in Fighting
   713 | D:1      | Reached skill level 3 in Fighting
   798 | D:1      | Reached XP level 3. HP: 31/31 MP: 3/6
  1260 | D:2      | Noticed Sigmund
  1271 | D:2      | Killed Sigmund
  1272 | D:2      | Reached skill level 5 in Fighting
  1272 | D:2      | Reached XP level 4. HP: 33/44 MP: 3/7
  1272 | D:2      | Reached XP level 5. HP: 38/50 MP: 3/8
  1328 | D:2      | Found Quyfux's Magic Scroll Shoppe.
  1331 | D:2      | Found Oddusm's Assorted Antiques.
  1336 | D:2      | Bought a scroll of identify for 28 gold pieces
  1377 | D:2      | Reached skill level 6 in Fighting
  1650 | D:2      | Noticed Terence
  1661 | D:2      | Killed Terence
  2000 | D:2      | Noticed Natasha
  2005 | D:2      | Killed Natasha
  2006 | D:2      | Reached XP level 6. HP: 58/58 MP: 3/9
  2075 | D:2      | Noticed Natasha
  2082 | D:2      | Killed Natasha
  2232 | D:2      | Found Lahuet's Weapon Shop.
  2282 | D:2      | Found a white marble altar of Elyvilon.
  2686 | D:3      | Reached skill level 7 in Fighting
  3574 | D:4      | Noticed Dowan
  3574 | D:4      | Noticed Duvessa
  3601 | D:4      | Killed Dowan
  3671 | D:4      | HP: 1/60 [Duvessa/+0 short sword (10)]
  3672 | D:4      | Slain by Duvessa

Illustrated notes

Levels and vault maps discovered:
D:1:      dpeg_arrival_refuge, layout_basic, hex_intersection
D:2:      cheibrodos_old_hovel, layout_basic, serial_shops, shop, shop, shop,
          basic_altar, hangedman_decor_lopped, uniq_sigmund, uniq_natasha,
          uniq_terence
D:3:      layout_loops_ring
D:4:      layout_basic, nicolae_sif_muna_condensation, mrwooster_statue_mirror,
          uniq_blork_the_orc, uniq_duvessa

Skill      XL: |  1  2  3  4  5  6 |
---------------+-------------------+-----
Fighting       | 1 3 5 6 7 |  7.6
Dodging        | |  1.7
Stealth        | |  1.7
Spellcasting   | |  2.0
Conjurations   | |  1.0
Fire Magic     | |  3.0

Action                     |  1- 3 |  4- 6 || total
---------------------------+-------+-------++-------
  Melee: Short sword       |    27 |     6 ||    33
         Punch             |     1 |       ||     1
         Tailslap          |     1 |     6 ||     7
         Whip              |       |    24 ||    24
   Cast: Foxfire           |    55 |    88 ||   143
    Use: Potion            |     1 |     5 ||     6
         Scroll            |       |     4 ||     4
 Armour: Skin              |     5 |    11 ||    16
  Dodge: Dodged            |    24 |    21 ||    45

Table legend: (Time is in decaauts)
 A = Elapsed time spent in this place.
 B = Non-inter-level travel time spent in this place.
 C = Inter-level travel time spent in this place.
 D = Time resting spent in this place.
 E = Time spent auto-exploring this place.
 F = Levels seen in this place.
 G = Mean time per level.
                   A        B        C        D        E       F      G
               +--------+--------+--------+--------+--------+-----+--------+
         Total |   3672 |   3556 |    116 |      0 |   3031 |   4 |  918.0 |
       Dungeon |   3672 |   3556 |    116 |      0 |   3031 |   4 |  918.0 |
               +--------+--------+--------+--------+--------+-----+--------+

Top non-repeatable levels by time:
     D:2: 1292 daAuts
     D:1: 1135 daAuts
     D:3: 1022 daAuts
     D:4: 222 daAuts
